[Event "Team 45 45 League T27"]
[Site "Free Internet Chess Server"]
[Date "2005.07.23"]
[Round "6"]
[White "ButiOxa"]
[Black "cerebero"]
[Result "0-1"]
[WhiteElo "1780"]
[BlackElo "1952"]
[TimeControl "2700+45"]

1. e4 c5 2. Nc3 Nc6 3. f4 g6 4. Nf3 Bg7 5. g3 d6 6. Bg2 e5 7. d3 Nge7 8. O-O Nd4 9. h3 O-O 10. Kh2 f5 11. Nd2 exf4 12. Rxf4 Be5 13. Rf2 f4 14. gxf4 Rxf4 15. Rxf4 Bxf4+ 16. Kh1 Be6 17. Nf3 Bxc1 18. Rxc1 Nec6 19. Nxd4 Nxd4 20. Ne2 Qf6 21. b3 Bxh3   {White resigns} 0-1

[Event "Team 45 45 League T27"]
[Site "Free Internet Chess Server"]
[Date "2005.07.26"]
[Round "6"]
[White "FusterCluck"]
[Black "JoeytheBudgie"]
[Result "0-1"]
[WhiteElo "1675"]
[BlackElo "1773"]
[TimeControl "2700+45"]

1. Nc3 g6 2. d4 d6 3. Nf3 Nf6 4. e4 Bg7 5. Be3 O-O 6. Qd2 c6 7. Bh6 Nbd7 8. O-O-O Qc7 9. Be2 e5 10. Bxg7 Kxg7 11. dxe5 dxe5 12. Ng5 Nc5 13. f3 Ne6 14. Bc4 Rd8 15. Qe3 Nxg5 16. Qxg5 b5 17. Rxd8 Qxd8 18. Bb3 Qe7 19. h4 h6 20. Qe3 a5 21. a4 b4 22. Ne2 Ba6 23. g4 c5 24. Ng3 c4 25. h5 Qa7 26. Qd2 g5 27. Nf5+ Kh7 28. Qd6 Ng8 29. Qxe5 f6 30. Qxa5 cxb3 31. cxb3 Rc8+ 32. Kb1 Bd3+   {White resigns} 0-1

[Event "Team 45 45 League T27"]
[Site "Free Internet Chess Server"]
[Date "2005.07.26"]
[Round "6"]
[White "MGoo"]
[Black "gonzolawyer"]
[Result "1/2-1/2"]
[WhiteElo "1736"]
[BlackElo "1702"]
[TimeControl "2700+45"]

1. d4 Nf6 2. c4 g6 3. Nc3 Bg7 4. e4 d6 5. Be2 O-O 6. Bg5 c5 7. d5 h6 8. Be3 Nbd7 9. Qd2 Kh7 10. h3 e6 11. Nf3 exd5 12. exd5 Re8 13. O-O-O Ne5 14. g4 Nxf3 15. Bxf3 Nd7 16. g5 h5 17. Be2 Qa5 18. a3 Bxc3 19. Qxc3 Qxc3+ 20. bxc3 b6 21. Rde1 Ba6 22. Bf4 Ne5 23. Bxe5 Rxe5 24. h4 Rae8 25. Kd2 Kg7 26. Bd3 Rxe1 27. Rxe1 Rxe1 28. Kxe1 f6 29. f4 Bc8 30. Kf2 fxg5 31. fxg5 Bd7 32. Ke3 Kf7 33. Kf4 Be8 34. Ke3 Ke7 35. Kd2 Kd7 36. Kc2 Kc7 37. Kb2 Kb7 38. Ka2 Ka6 39. a4 Ka5 40. Ka3 Bf7 41. Bc2 Be8   {Game drawn by mutual agreement} 1/2-1/2

[Event "Team 45 45 League T27"]
[Site "Free Internet Chess Server"]
[Date "2005.07.24"]
[Round "6"]
[White "CleverBanana"]
[Black "TGV"]
[Result "0-1"]
[WhiteElo "1606"]
[BlackElo "1805"]
[TimeControl "2700+45"]

1. d4 Nf6 2. c4 d5 3. Nc3 g6 4. Bg5 Bg7 5. e3 c6 6. Nf3 Qa5 7. Bd3 Nbd7 8. O-O h6 9. Bh4 g5 10. Bg3 Nh5 11. Rb1 Nxg3 12. fxg3 Nf6 13. b4 Qd8 14. c5 O-O 15. Ne5 Nd7 16. Ng4 e5 17. Nxh6+ Bxh6 18. Qh5 Kg7 19. h4 Nf6 20. Qf3 Bg4 21. Qf2 exd4 22. exd4 a6 23. Nd1 Ne4 24. Qe1 gxh4 25. Bxe4 dxe4 26. Qxe4 f5 27. Qe5+ Qf6 28. Qc7+ Rf7   {White resigns} 0-1

[Event "Team 45 45 League T27"]
[Site "Free Internet Chess Server"]
[Date "2005.07.23"]
[Round "6"]
[White "Galleta"]
[Black "BIRDSMAN"]
[Result "0-1"]
[WhiteElo "1610"]
[BlackElo "1572"]
[TimeControl "2700+45"]

1. b3 d5 2. Bb2 c6 3. e3 Nd7 4. c4 e6 5. Nf3 Ngf6 6. Bd3 Nc5 7. Bc2 a5 8. d4 Nce4 9. O-O Bd6 10. Nbd2 Nxd2 11. Nxd2 O-O 12. e4 dxe4 13. Nxe4 Nxe4 14. Bxe4 Qh4 15. f4 Bxf4 16. g3 Be3+ 17. Kg2 Qxe4+ 18. Rf3 e5 19. Qe2 Bg4 20. Qxe3 Qxf3+ 21. Qxf3 Bxf3+ 22. Kxf3 exd4 23. Bxd4 Rad8 24. Bb6 Rd2 25. Bxa5 Rxh2 26. b4 h5 27. a4 h4 28. g4 Rh3+ 29. Kf4 Rc3 30. c5 Rc4+ 31. Kf5 g6+ 32. Kg5 f5 33. Kh6 fxg4 34. b5 cxb5 35. Bb6 bxa4 36. Re1 Rcf4 37. Bc7 R4f7 38. Bd6 g3 39. Re6 Rf6 40. Re7 R6f7 41. Re6 Rh7+ 42. Kxg6 Rg7+ 43. Kh6 g2 44. Bxf8 Kxf8 45. Rf6+ Ke7 46. Rb6 g1=Q 47. Rxb7+ Ke6 48. Rxg7 Qxg7+   {White resigns} 0-1

[Event "Team 45 45 League T27"]
[Site "Internet Chess Club"]
[Date "2005.07.24"]
[Round "6"]
[White "VentasD"]
[Black "searchforbobby1"]
[Result "0-1"]
[WhiteElo "2176"]
[BlackElo "2137"]
[TimeControl "2700+45"]

1. d4 e6 2. Nf3 f5 3. Bf4 Nf6 4. e3 Be7 5. h3 d5 6. Nbd2 c6 7. Ne5 Nbd7 8.
c3 O-O 9. Bd3 Ne4 10. Bxe4 fxe4 11. Nxd7 Bxd7 12. O-O c5 13. f3 Bb5 14. Rf2
Rxf4 15. exf4 e3 16. Re2 Bxe2 17. Qxe2 exd2 18. Qxe6+ Kh8 19. Rd1 cxd4 20.
cxd4 Qd6 21. Qe3 Bf6 22. Rxd2 h6 23. g4 Rc8 24. Kg2 g5 25. Re2 Qxf4 26. Qe6
Rf8 27. Qxd5 Bxd4 28. b3 b6 29. Qc6 Kg7 30. Qd5 Rf7 31. b4 b5 32. a3 Bb6 33.
Qd3 Qd4 34. Qb1 Qc3 35. Qe4 Qd4 36. Qb1 Bc7 37. Qc2 Qd6 38. Qc3+ Rf6 39. Re3
Qh2+ 40. Kf1 Qxh3+ 41. Ke2 Qg2+ 42. Kd1 Qf1+ 43. Kc2 Bd6 44. Kb2 Qc4 45. Qe1
Qd4+ 46. Kb3 Qd5+ 47. Kb2 Rxf3 48. Rxf3 Qxf3 49. Qe6 Qf6+ {White resigns}
0-1

[Event "Team 45 45 League T27"]
[Site "Internet Chess Club"]
[Date "2005.07.29"]
[Round "6"]
[White "Burning-Bush"]
[Black "Kolibri"]
[Result "1-0"]
[WhiteElo "2145"]
[BlackElo "2010"]
[TimeControl "2700+45"]

1. Nf3 c5 2. g3 Nf6 3. c4 Nc6 4. Bg2 e5 5. Nc3 Be7 6. O-O O-O 7. d3 h6 8.
Nd5 d6 9. Nxe7+ Qxe7 10. Nd2 Be6 11. b3 Nd7 12. e3 f5 13. Nb1 Nf6 14. Nc3
Qf7 15. f4 Rad8 16. Ba3 exf4 17. exf4 Nd4 18. Ne2 Nxe2+ 19. Qxe2 Rfe8 20.
Qc2 b6 21. Bb2 d5 22. Rae1 d4 23. Re2 Bd7 24. Rfe1 Rxe2 25. Rxe2 Re8 26. Bf3
Re7 27. Bc1 Qe8 28. Qd1 Rxe2 29. Qxe2 Qxe2 30. Bxe2 Bc6 31. h3 Kf7 32. Kf2
Ke6 33. a3 a6 34. Bd2 Nd7 35. g4 g6 36. Kg3 Kf6 37. h4 Nf8 38. b4 Nd7 39.
g5+ hxg5 40. fxg5+ Ke6 41. h5 gxh5 42. Bxh5 Ne5 43. Be2 Be8 44. bxc5 bxc5
45. Ba5 Ba4 46. Bc7 Ng6 47. Bh5 Ne7 48. Bb6 Kd6 49. Bd8 Bc2 50. Bxe7+ Kxe7
51. Be2 Kf7 52. Kh4 Kg6 53. Bh5+ Kg7 54. Be2 Kh7 55. Kh5 Kg7 56. Kh4 Ba4 57.
Kg3 Kg6 58. Kf4 Bc2 59. Bf1 a5 60. Be2 Bb1 61. Bf1 Bc2 62. Be2 Ba4 63. Bf1
Bc6 64. Bh3 Bd7 65. Bg2 Kh5 66. Bf3+ Kg6 67. Bd5 Bc8 68. Bc6 Be6 69. Be8+
Kg7 70. Ke5 Bc8 71. Bh5 Bb7 72. Kxf5 Bg2 73. Be2 Kf7 74. Ke5 Ke7 75. g6 Kf8
76. Kd6 Kg7 77. Kxc5 Kxg6 78. Kxd4 {Black forfeits on time} 1-0

[Event "Team 45 45 League T27"]
[Site "Free Internet Chess Server"]
[Date "2005.07.22"]
[Round "6"]
[White "cerebero"]
[Black "CamyC"]
[Result "1-0"]
[WhiteElo "1942"]
[BlackElo "2011"]
[TimeControl "2700+45"]

1. d4 d5 2. c4 e6 3. Nc3 Nf6 4. Nf3 Nbd7 5. g3 Be7 6. Bg2 O-O 7. Qd3 b6 8. Ne5 Bb7 9. O-O dxc4 10. Qxc4 Bxg2 11. Kxg2 Nxe5 12. dxe5 Nd7 13. f4 Qc8 14. Be3 Rd8 15. Nb5 a6 16. Nd4 c5 17. Nf3 b5 18. Qc2 Nb6 19. Rad1 Qc6 20. Bf2 Nd5 21. a3 c4 22. e4 Nb6 23. Nd4 Qc7 24. f5 Rd7 25. fxe6 fxe6 26. Nxe6 Qxe5 27. Nxg7 Rd3 28. Qe2 Na4 29. Nf5 Rad8 30. Qg4+ Kh8 31. Nh6 Rf8 32. Bd4   {Black resigns} 1-0

[Event "Team 45 45 League T27"]
[Site "Free Internet Chess Server"]
[Date "2005.07.29"]
[Round "6"]
[White "LLIAMAH"]
[Black "Mekk"]
[Result "1/2-1/2"]
[WhiteElo "1728"]
[BlackElo "1831"]
[TimeControl "2700+45"]

1. Nc3 Nf6 2. Nf3 d5 3. e3 Bg4 4. Be2 Nc6 5. d4 e6 6. a3 Be7 7. O-O O-O 8. Ne5 Nxe5 9. dxe5 Bxe2 10. Qxe2 Nd7 11. f4 c5 12. Bd2 a6 13. b3 b5 14. Rfd1 c4 15. Be1 Qc7 16. Bf2 Rfd8 17. Na2 Nc5 18. bxc4 dxc4 19. Nb4 Ne4 20. Be1 a5 21. Rxd8+ Rxd8 22. Na2 Bxa3 23. Nc3 Nxc3 24. Bxc3 Bb4 25. Be1 Bxe1 26. Qxe1 b4 27. c3 b3 28. Qe2 g6 29. Ra4 Rd3 30. h3 Qc5 31. Kh2 Qd4 32. exd4 Rxc3 33. Rxc4 b2 34. Qxb2 Rxc4 35. Kg3 a4 36. Kf3 Kg7 37. Ke3 Rc8 38. Qb7 Rc3+ 39. Kd2 Rb3 40. Qe7 a3 41. g4 a2 42. Qa7 Rxh3 43. d5 exd5 44. e6 Rh1 45. e7 a1=Q 46. Qxa1+ Rxa1 47. e8=Q Rg1 48. g5 Rh1 49. Qe5+ Kg8 50. Qxd5 Rh5 51. Qd8+ Kg7 52. Qf6+ Kg8 53. Ke3 Rh3+ 54. Ke4 Rh1 55. Qd8+ Kg7 56. Qa5 Rh5 57. Qe5+ Kg8 58. Kd5 Rh1 59. Kd6 Rd1+ 60. Ke7 Rb1 61. Qd5 Re1+ 62. Kf6 Re6+ 63. Qxe6 fxe6 64. Kxe6 Kg7 65. Ke7 h5 66. gxh6+ Kxh6 67. Kf6 Kh5 68. Ke5 Kg4 69. Kf6 Kxf4 70. Kxg6   {Neither player has mating material} 1/2-1/2

[Event "Team 45 45 League T27"]
[Site "Free Internet Chess Server"]
[Date "2005.07.25"]
[Round "6"]
[White "RussoTuristo"]
[Black "Valiantangel"]
[Result "1-0"]
[WhiteElo "1985"]
[BlackElo "1792"]
[TimeControl "2700+45"]

1. c4 Nf6 2. Nc3 d5 3. d4 e6 4. e3 c5 5. Nf3 Nc6 6. a3 cxd4 7. exd4 dxc4 8. Bxc4 Be7 9. O-O O-O 10. h3 a6 11. Be3 b5 12. Bd3 Bb7 13. Rc1 Rc8 14. b4 Nd5 15. Ne4 Nxe3 16. fxe3 Qd5 17. Nc5 Bxc5 18. Rxc5 Qa2 19. Bxh7+ Kxh7 20. Ng5+ Kg6 21. Nxe6 Ne5 22. Nxf8+ Rxf8 23. Rf2 Nf3+ 24. gxf3 Qxa3 25. Qc2+ Kh6 26. Qd2 g6 27. Kg2 Kh7 28. e4 Rh8   {Black resigns} 1-0

[Event "Team 45 45 League T27"]
[Site "Free Internet Chess Server"]
[Date "2005.07.21"]
[Round "6"]
[White "Xeones"]
[Black "adingod"]
[Result "1/2-1/2"]
[WhiteElo "1815"]
[BlackElo "1839"]
[TimeControl "2700+45"]

1. e4 Nf6 2. e5 Nd5 3. d4 d6 4. Nf3 g6 5. Bc4 Nb6 6. Bb3 Bg7 7. a4 a5 8. Qe2 O-O 9. h3 Nc6 10. O-O dxe5 11. dxe5 Nd4 12. Nxd4 Qxd4 13. Re1 Bf5 14. Nc3 c6 15. Be3 Qd8 16. Rad1 Qc7 17. Bc5 Be6 18. Bxe6 fxe6 19. Qg4 Rf5 20. Ne2 Nd7 21. Bxe7 Nxe5 22. Qh4 Rh5 23. Bd8 Rxh4 24. Bxc7 b5 25. Nd4 Rxd4 26. Rxd4 Nf3+ 27. gxf3 Bxd4 28. c3 Bg7 29. Rxe6 Rc8 30. Bxa5 bxa4 31. Re4 Rb8 32. Rxa4 Rxb2 33. Rc4 Rb5 34. Bd8 Rb3 35. Rxc6 Rxc3 36. Rxc3 Bxc3 37. Kg2 Kf7 38. Kg3 Bd4 39. Bg5 Ke6 40. Be3 Be5+ 41. Kg4 Bf6 42. Bd2 Kd5 43. Bh6 Ke5 44. h4 Ke6 45. h5 gxh5+ 46. Kxh5 Kf5 47. Be3 Bg7 48. Kh4 Bf8 49. Kg3 Be7 50. Kh3 Bd8 51. Kg2 Bh4 52. Kg1 Bf6 53. Kh2 Bc3 54. Kg3 Bf6 55. Bh6 Be7 56. Kh3 Bd8 57. Be3 Bf6 58. Bd2 Bd4 59. Kg3 Be5+ 60. Kg2 Bb8 61. Bh6 Bc7 62. Be3 Bd6 63. Kh3 Be7 64. Bd2 Bc5 65. Kg2 Bb6 66. Kg3 Bd8 67. Bb4 Bb6 68. Be7 Bd4 69. Kg2 Be5 70. Bf8 Bf4 71. Bc5 Bg5 72. Ba3 Bd2 73. Bb2 Bf4 74. Kh3 Bg5 75. Kg2 Bd8   {Game drawn by mutual agreement} 1/2-1/2

[Event "Team 45 45 League T27"]
[Site "Free Internet Chess Server"]
[Date "2005.07.21"]
[Round "6"]
[White "AlefZero"]
[Black "Sportsmen"]
[Result "0-1"]
[WhiteElo "2148"]
[BlackElo "2218"]
[TimeControl "2700+45"]

1. e4 e6 2. d4 d5 3. Nc3 Nf6 4. Bg5 Be7 5. e5 Nfd7 6. Bxe7 Qxe7 7. Qd2 a6 8. Nd1 c5 9. c3 Nc6 10. f4 f6 11. Nf3 O-O 12. Bd3 cxd4 13. cxd4 fxe5 14. fxe5 Rxf3 15. gxf3 Qh4+ 16. Qf2 Qxd4 17. Qxd4 Nxd4 18. f4 Nc5 19. Kd2 Bd7 20. Nc3 Be8 21. Ke3 Nc6 22. Ne2 d4+ 23. Nxd4 Nxd3 24. Nxc6 Bxc6 25. Kxd3 Bxh1 26. Rxh1 Rc8 27. Re1 Kf7 28. Re4 Kg6 29. Rb4 b5 30. a4 bxa4 31. Rxa4 Rc6 32. Ke4 Rb6 33. h4 h5 34. f5+ exf5+ 35. Kd5 Kf7 36. Rc4 Rb5+ 37. Kd6 Rb6+ 38. Kd5 Rb5+ 39. Kd6 Rb6+ 40. Kd5 Rb7 41. Rc6 Rd7+ 42. Kc5 Rd2 43. Rxa6 Rxb2 44. Kd4 Rb4+ 45. Kd5 Rxh4 46. e6+ Kf6 47. Ra8 Re4 48. Rf8+ Kg5 49. Kd6 Kg4 50. e7 g5 51. e8=Q Rxe8 52. Rxe8 f4 53. Ke5 h4 54. Rg8 h3 55. Kf6 h2 56. Rxg5+ Kh4 57. Kg6 f3 58. Rh5+ Kg3 59. Rg5+ Kf4 60. Rf5+ Ke4 61. Rh5 f2 62. Rxh2 f1=Q 63. Rh5 Qg1+ 64. Rg5 Qb6+ 65. Kf7 Kf4 66. Rh5 Qd6 67. Kg7 Qe6 68. Rh6 Qe7+ 69. Kg6 Kg4 70. Rh7 Qe6+ 71. Kg7 Kg5 72. Kf8 Qc8+ 73. Kf7 Qd8 74. Rg7+ Kf5 75. Rh7 Qd7+ 76. Kg8 Qe8+ 77. Kg7 Kg5 78. Rh8 Qe7+ 79. Kg8 Kg6   {White resigns} 0-1

[Event "Team 45 45 League T27"]
[Site "Free Internet Chess Server"]
[Date "2005.07.22"]
[Round "6"]
[White "qire"]
[Black "daroos"]
[Result "0-1"]
[WhiteElo "1974"]
[BlackElo "2059"]
[TimeControl "2700+45"]

1. e4 d6 2. d4 Nf6 3. Bd3 e5 4. Ne2 Nc6 5. c3 Bg4 6. f3 Bh5 7. Be3 d5 8. Nd2 exd4 9. Nxd4 Ne5 10. Bc2 a6 11. Qe2 c5 12. Nf5 Qc7 13. Bg5 O-O-O 14. Bxf6 gxf6 15. exd5 Rxd5 16. Be4 Rd7 17. O-O-O Bg6 18. Nc4 Nxc4 19. Qxc4 Qf4+ 20. Kb1 Rxd1+ 21. Rxd1 Bxf5 22. Qxf7 Bxe4+ 23. fxe4 Qxe4+ 24. Ka1 Be7 25. Qg7 Rd8 26. Rxd8+ Kxd8 27. Qg8+ Kc7 28. a3 Bd6 29. g3 Qg6 30. Qd5 f5 31. b4 cxb4 32. axb4 h6 33. b5 a5 34. Ka2 Qf6 35. c4 Qe5 36. Qd2 Bb4 37. Qxh6 Qe2+ 38. Kb1 Qd3+ 39. Kb2 Qc3+ 40. Kb1 Qb3+ 41. Kc1 Qxc4+ 42. Kd1 Qd3+ 43. Kc1 Ba3#   {White checkmated} 0-1

[Event "Team 45 45 League T27"]
[Site "Free Internet Chess Server"]
[Date "2005.07.24"]
[Round "6"]
[White "CamyC"]
[Black "RussoTuristo"]
[Result "1-0"]
[WhiteElo "1977"]
[BlackElo "2026"]
[TimeControl "2700+45"]

1. d4 d5 2. c4 e6 3. Nf3 c6 4. cxd5 exd5 5. Qc2 h6 6. Bf4 Nf6 7. Nc3 Bd6 8. e3 Bxf4 9. exf4 O-O 10. Ne5 Nbd7 11. Be2 Qb6 12. O-O-O c5 13. Nxd5 Nxd5 14. dxc5 Qe6 15. Nxd7 Bxd7 16. Bc4 Bc6 17. Rhe1 Nb4 18. Qb3 Qf6 19. Qxb4 Qxf4+ 20. Kb1 Be4+ 21. Ka1 Bxg2 22. Qc3 Rad8 23. Rxd8 Rxd8 24. Qc2 Qf6 25. a3 b6 26. cxb6 axb6 27. Rd1 Rxd1+ 28. Qxd1 g6 29. Qg4 Bf3 30. Qd7 Kg7 31. Ka2 Be4 32. Qd2 g5 33. Qe3 h5 34. Qxe4 Qxf2 35. Qe5+ Qf6 36. Qd5 h4 37. h3 Qf4 38. Be2 Qf6 39. Bg4 Qf4 40. Kb3 Qf6 41. Kc4 Qxb2 42. Qd4+ Qxd4+ 43. Kxd4 Kf6 44. Kd5 Ke7 45. Kc6 Kf6 46. Kxb6 Ke5 47. a4 f5 48. Bxf5 Kxf5 49. a5 Kf4 50. a6 Kg3 51. a7 Kxh3 52. a8=Q g4 53. Kc5 Kh2 54. Qe4 Kg3 55. Kd4 h3 56. Ke3 h2 57. Qh1 Kh3 58. Kf4 g3 59. Qf3 h1=Q 60. Qxg3#   {Black checkmated} 1-0

[Event "Team 45 45 League T27"]
[Site "Free Internet Chess Server"]
[Date "2005.07.25"]
[Round "6"]
[White "mandragora"]
[Black "Mekk"]
[Result "1/2-1/2"]
[WhiteElo "1848"]
[BlackElo "1825"]
[TimeControl "2700+45"]

1. e4 c5 2. Nf3 Nc6 3. d4 cxd4 4. Nxd4 Nf6 5. Nc3 e5 6. Nb3 a6 7. Be3 Bb4 8. f3 O-O 9. Qd2 d5 10. exd5 Nxd5 11. a3 Bxc3 12. bxc3 Nxe3 13. Qxe3 Bf5 14. Bd3 Qh4+ 15. Qf2 Qxf2+ 16. Kxf2 Bg6 17. Nc5 b5 18. a4 bxa4 19. Rxa4 a5 20. Rha1 Rfb8 21. Ke3 f6 22. R4a2 Ra7 23. Ne4 Bxe4 24. Bxe4 Rb6 25. Ra4 Kf7 26. Rd1 g6 27. g4 Ke7 28. Rd5 Ke6 29. Rc5 Ne7 30. Rcxa5 Rxa5 31. Rxa5 f5 32. gxf5+ gxf5 33. Bd3 Rc6 34. Ra6 Rxa6 35. Bxa6 Kd5 36. Bd3 h6 37. Kf2 e4 38. fxe4+ fxe4 39. Ba6 Nf5 40. Bc8 Nd6 41. Ba6 Ke5 42. Kg3 Nf5+ 43. Kf2 h5 44. Be2 h4 45. Bg4 Nd6 46. Ke3 Nc4+ 47. Kf2 Kf4 48. Be2 Ne3 49. c4 Nxc2 50. c5 Nd4 51. Ba6 e3+ 52. Kf1 Ne6 53. c6 Kf3 54. Be2+ Ke4 55. Bg4 Nc7 56. Ke2 Kf4 57. h3 Ke4 58. Bf3+ Kf4 59. Bg4 Ke4 60. Bd7 Nd5 61. Bg4 Nc3+ 62. Ke1 Nd5 63. Ke2 Nf4+ 64. Ke1 Nd5 65. Ke2   {Game drawn by repetition} 1/2-1/2

[Event "Team 45 45 League T27"]
[Site "Free Internet Chess Server"]
[Date "2005.07.23"]
[Round "6"]
[White "CleverBanana"]
[Black "tjraczko"]
[Result "0-1"]
[WhiteElo "1628"]
[BlackElo "1614"]
[TimeControl "2700+45"]

1. d4 d5 2. c4 dxc4 3. e4 e5 4. Nf3 exd4 5. Qxd4 Qxd4 6. Nxd4 Bd6 7. Bxc4 Nf6 8. f3 O-O 9. Nc3 Bd7 10. Be3 Nc6 11. O-O-O Na5 12. Bb5 c6 13. Ba4 b5 14. Bc2 b4 15. Nce2 c5 16. Nc6 Bxc6 17. Rxd6 Nc4 18. Rxc6 Nxe3 19. Rxc5 Rfc8 20. Rxc8+ Rxc8 21. Nd4 Nxg2 22. Kd2 Rd8 23. Kd3 Nh5 24. Kc4 Ne3+ 25. Kc5 Nxc2 26. Nxc2 Rc8+ 27. Kxb4 Rxc2 28. Rd1 g6   {White resigns} 0-1

[Event "Team 45 45 League T27"]
[Site "Free Internet Chess Server"]
[Date "2005.07.23"]
[Round "6"]
[White "Lamtarra"]
[Black "Aul"]
[Result "1-0"]
[WhiteElo "1541"]
[BlackElo "1583"]
[TimeControl "2700+45"]

1. e4 g6 2. Nf3 Bg7 3. d3 d6 4. Nbd2 Nf6 5. g3 Nc6 6. Bg2 Bg4 7. c3 Qd7 8. O-O Bh3 9. Re1 e5 10. Ng5 Bxg2 11. Kxg2 Qg4 12. Qxg4 Nxg4 13. h3 Nf6 14. h4 h5 15. Nc4 b5 16. Ne3 b4 17. Nd5 Nxd5 18. exd5 Ne7 19. c4 Rb8 20. f4 exf4 21. gxf4 Bh6 22. Be3 a5 23. Bd4 Bxg5 24. Bxh8 Bxh4 25. Re2 Kd7 26. Bd4 Nf5 27. Bf2 Bf6 28. Rb1 g5 29. fxg5 Bxg5 30. Rbe1 Rg8 31. Kf3 Bh4 32. Rg1 Rb8 33. Rh1 Bxf2 34. Rxf2 h4 35. Kg4 Ne3+ 36. Kg5 Rg8+ 37. Kf4 Ng2+ 38. Kf3 Rg3+ 39. Ke2 Ke7 40. Rf3 Rg4 41. Kf2 Nf4 42. Rg1 Rxg1 43. Kxg1 Ng6 44. Kh2 Kf8 45. d4 a4 46. Kh3 Kg7 47. Rf2 f6 48. Kg4 Kf7 49. c5 dxc5 50. dxc5 Ne7 51. d6 cxd6 52. cxd6 f5+ 53. Kxh4 Ke6 54. dxe7   {Black resigns} 1-0

[Event "Team 45 45 League T27"]
[Site "Free Internet Chess Server"]
[Date "2005.07.23"]
[Round "6"]
[White "thelovegambit"]
[Black "mrmahoon"]
[Result "1-0"]
[WhiteElo "1607"]
[BlackElo "1562"]
[TimeControl "2700+45"]

1. d4 Nf6 2. Nf3 d5 3. e3 e6 4. Bd3 c5 5. c3 cxd4 6. exd4 Nc6 7. O-O Be7 8. Bf4 O-O 9. Nbd2 h6 10. Re1 a6 11. Qc2 Bd6 12. Bxd6 Qxd6 13. Ne5 b5 14. f4 b4 15. Ndf3 bxc3 16. bxc3 Ne7 17. g4 Nxg4 18. Nxg4 Qxf4 19. Qg2 Bb7 20. Nfe5 Rad8 21. Rf1 Qg5 22. Rf2 Ng6 23. Nxg6 fxg6 24. Raf1 Rxf2 25. Rxf2 Qc1+ 26. Rf1 Qg5 27. Kh1 h5 28. Ne5 Qxg2+ 29. Kxg2 Rc8 30. Bxg6 Rxc3 31. Rf7 Bc6 32. Rc7 Ra3 33. Rc8+   {Black resigns} 1-0

[Event "Team 45 45 League T27"]
[Site "Free Internet Chess Server"]
[Date "2005.07.23"]
[Round "6"]
[White "couv"]
[Black "maglover"]
[Result "1-0"]
[WhiteElo "1567"]
[BlackElo "1554"]
[TimeControl "2700+45"]

1. e4 e5 2. d4 d6 3. Nf3 Nf6 4. Bg5 Be7 5. Bxf6 Bxf6 6. dxe5 dxe5 7. Qxd8+ Kxd8 8. Nc3 Nc6 9. O-O-O+ Bd7 10. Bb5 Kc8 11. Nd5 a6 12. Nxf6 gxf6 13. Bc4 Rg8 14. Rhg1 Bg4 15. Bxf7 Rg7 16. Bc4 Nd4 17. c3 Bxf3 18. gxf3 Rxg1 19. Rxg1 Kd7 20. cxd4 exd4 21. Rg7+ Kd6 22. Bd3 c5 23. Rxh7 Rc8 24. b3 b5 25. Kb2 Ke5 26. Rh4 c4 27. bxc4 bxc4 28. f4+ Ke6 29. Kc2 cxd3+ 30. Kxd3 Rc3+ 31. Kxd4 Rc2 32. f5+ Kd6 33. a3 Rxf2 34. Rh6 Ke7 35. h4 Rh2 36. Kc5 Re2 37. Kb6 Rxe4 38. Ka5 Re5+ 39. Kxa6 Rxf5 40. a4 Re5 41. a5 Re6+ 42. Kb7 Rd6 43. a6 Rd7+ 44. Kc6 Rd6+ 45. Kb5 Rd5+ 46. Kc4 Rd6 47. a7 Ra6 48. Kb5 Rxa7 49. Rh7+   {Black resigns} 1-0

[Event "Team 45 45 League T27"]
[Site "Free Internet Chess Server"]
[Date "2005.07.21"]
[Round "6"]
[White "LLIAMAH"]
[Black "zcomcon"]
[Result "0-1"]
[WhiteElo "1710"]
[BlackElo "1646"]
[TimeControl "2700+45"]

1. Nc3 Nf6 2. d4 e6 3. Bg5 Be7 4. Qd2 b6 5. Nf3 Bb7 6. Bf4 d6 7. e3 Nbd7 8. Bd3 a6 9. e4 Nf8 10. e5 dxe5 11. dxe5 Nd5 12. Nxd5 Bxd5 13. O-O-O Ng6 14. Kb1 c5 15. Be3 c4 16. Be2 b5 17. Qc3 a5 18. Bxc4 bxc4 19. Nd2 Qc8 20. Nf3 Bc5 21. Qd2 Bxe3 22. Qxe3 O-O 23. h4 Rd8 24. h5 Ne7 25. h6 g6 26. Qg5 Bxf3 27. Rde1 Nf5 28. gxf3 Rd5 29. Qf4 Qd8 30. Rhg1 Rd4 31. Qc1 Qh4 32. c3 Rd3 33. Re4 Qxf2 34. Rxc4 Qd2 35. Qc2 Qxc2+ 36. Kxc2 Rxf3 37. Rd1 Ne3+   {White resigns} 0-1

[Event "Team 45 45 League T27"]
[Site "Free Internet Chess Server"]
[Date "2005.07.23"]
[Round "6"]
[White "alexeypopov"]
[Black "Nezha"]
[Result "0-1"]
[WhiteElo "1520"]
[BlackElo "1778"]
[TimeControl "2700+45"]

1. e4 e5 2. Nf3 Nc6 3. Bc4 Bc5 4. c3 Nf6 5. Ng5 d5 6. exd5 Nxd5 7. d4 exd4 8. Qf3 Qe7+ 9. Kf1 h6 10. Nxf7 Qxf7 11. Qxf7+ Kxf7 12. Bxd5+ Ke7 13. g3 Bh3+ 14. Bg2 Bxg2+ 15. Kxg2 dxc3 16. Nxc3 Nd4 17. Be3 Kf7 18. Rad1 Rad8 19. b4 Bb6 20. Na4 Nc2 21. Nxb6 Nxe3+ 22. fxe3 axb6 23. Rhf1+ Ke6 24. Rxd8 Rxd8 25. Rf2 Rd3 26. Kf3 Rc3   {White resigns} 0-1

[Event "Team 45 45 League T27"]
[Site "Free Internet Chess Server"]
[Date "2005.07.24"]
[Round "6"]
[White "phorku"]
[Black "PawnSensei"]
[Result "0-1"]
[WhiteElo "1542"]
[BlackElo "1384"]
[TimeControl "2700+45"]

1. e4 e5 2. Bc4 Bc5 3. d3 Nf6 4. Nc3 c6 5. f4 d5 6. Bb3 Ng4 7. Nh3 Ne3 8. Bxe3 Bxe3 9. fxe5 Bxh3 10. Qf3 Be6 11. exd5 cxd5 12. Nxd5 Bd4 13. O-O-O Nc6 14. Nf4 Bxb3 15. axb3 Nxe5 16. Qe4 O-O 17. c3 Rc8 18. Kb1 Ng4 19. Rhf1 Ne3 20. cxd4 Nxd1 21. Rxd1 Qc7 22. Qf3 Qc2+ 23. Ka1 Qxb3 24. Qd5 Qxd1+ 25. Ka2 Qa4+ 26. Kb1 Rfe8 27. b3 Re1+ 28. Kb2 Qa1#   {White checkmated} 0-1

[Event "Team 45 45 League T27"]
[Site "Free Internet Chess Server"]
[Date "2005.07.24"]
[Round "6"]
[White "twotowers"]
[Black "Lofoten"]
[Result "1-0"]
[WhiteElo "1643"]
[BlackElo "1709"]
[TimeControl "2700+45"]

1. Nf3 Nf6 2. g3 g6 3. Bg2 Bg7 4. O-O O-O 5. d3 d5 6. Nbd2 c5 7. e4 dxe4 8. dxe4 e5 9. Nxe5 Re8 10. Nec4 b5 11. e5 Nd5 12. Nd6 Rxe5 13. Nxb5 Bb7 14. c4 Qb6 15. Nb3 Nb4 16. Bxb7 Qxb7 17. Qd8+ Bf8 18. Bh6 Qe7 19. Qxf8+ Qxf8 20. Bxf8 Kxf8 21. Nc7   {Black resigns} 1-0

[Event "Team 45 45 League T27"]
[Site "Free Internet Chess Server"]
[Date "2005.07.27"]
[Round "6"]
[White "BIRDSMAN"]
[Black "Woodchuck"]
[Result "1-0"]
[WhiteElo "1602"]
[BlackElo "1620"]
[TimeControl "2700+45"]

1. e4 c5 2. Nf3 d6 3. Nc3 Nf6 4. d4 cxd4 5. Nxd4 a6 6. Bg5 e6 7. Qd2 Be7 8. f4 Qc7 9. O-O-O b5 10. a3 Nbd7 11. Be2 Nc5 12. Bf3 Bb7 13. Rhe1 O-O-O 14. Qf2 h6 15. Bh4 Rhf8 16. e5 Bxf3 17. exf6 Bxf6 18. Bxf6 gxf6 19. Qxf3 d5 20. g3 Kb8 21. Kb1 Rc8 22. Rc1 e5 23. fxe5 fxe5 24. Nb3 d4 25. Nxc5 Qxc5 26. Na2 f5 27. Nb4 e4 28. Qf4+ Kb7 29. Qxh6 a5 30. Qa6+ Kb8 31. Qxa5 Qd6 32. Qxb5+ Ka8 33. Qa6+ Qxa6 34. Nxa6 e3 35. Nb4 f4 36. gxf4 Rxf4 37. Nd3 Rh4 38. Re2 Rch8 39. Rh1 Kb7 40. c3 Re8 41. cxd4 Rxd4 42. Kc2 Kc6 43. Nb4+ Kc5 44. Rhe1 Rc4+ 45. Kb3 Rd4 46. Rxe3   {Black resigns} 1-0

[Event "Team 45 45 League T27"]
[Site "Free Internet Chess Server"]
[Date "2005.07.21"]
[Round "6"]
[White "xplan"]
[Black "SuperDiman"]
[Result "0-1"]
[WhiteElo "1507"]
[BlackElo "1472"]
[TimeControl "2700+45"]

1. e4 d5 2. exd5 Qxd5 3. Nc3 Qa5 4. Nf3 e5 5. d3 c6 6. Bd2 Qc7 7. d4 Nd7 8. Bc4 b5 9. Bb3 exd4 10. Qe2+ Be7 11. Nxd4 a5 12. a3 Nc5 13. O-O g6 14. Rfe1 Ba6 15. Qf3 Nxb3 16. cxb3 Bb7 17. Bg5 c5 18. Ndxb5 Qd7 19. Qf4 Kf8 20. Rad1 Qc6 21. f3 f6 22. Bh6+ Nxh6 23. Qxh6+ Kf7 24. Qe3 Rae8 25. a4 c4 26. Qf4 Bc5+ 27. Kh1 Rxe1+ 28. Rxe1 Bb4 29. bxc4 g5 30. Qf5 Bc8 31. Qd3 Be6 32. Re4 Bf5 33. Na7 Qb7 34. Ncb5 Bxe4 35. fxe4 Be7 36. Qd5+ Qxd5 37. exd5 Bc5 38. Nc6 Re8 39. g3 Re1+ 40. Kg2 Re2+ 41. Kf3 Rxb2 42. Nxa5 Ra2 43. Nb7 Bb4 44. c5 Rxa4 45. d6 g4+ 46. Ke3 Bxc5+ 47. Nxc5 Ra5 48. Nc7 Rxc5 49. Kd4 Re5 50. Na6 Ke8 51. Nc5 Kd8 52. Nd3 Re2 53. Nf4 Rxh2 54. Kd5 Kd7 55. Ne6 Rd2+ 56. Nd4 Rd3 57. Kc4 Rxg3 58. Kb5 Rd3   {White resigns} 0-1